 Dungeon Crawl Stone Soup version 0.29.1-1-gd02db6906a (webtiles) character file.

Game seed: 3504956543823460549

28 Earthwalker the Trooper (level 2, -3/28 HPs)
             Began as a Minotaur Abyssal Knight on Oct 6, 2022.
             Was a Believer of Lugonu.
             Slain by Terence
             ... wielding a +0 trident of protection
              (6 damage)
             ... on level 2 of the Dungeon.
             The game lasted 00:03:15 (1140 turns).

Earthwalker the Trooper (Minotaur Abyssal Knight)   Turns: 1140, Time: 00:03:16

Health: -3/28      AC:  3    Str: 17    XL:     2   Next: 96%
Magic:  2/2        EV: 11    Int:  7    God:    Lugonu [**....]
Gold:   95         SH:  0    Dex: 10    Spells: 1/1 levels left

rFire   . . .      SeeInvis .   a - +1 spear
rCold   . . .      Faith    .   (no shield)
rNeg    . . .      Spirit   .   b - +0 leather armour
rPois   .          Reflect  .   (helmet restricted)
rElec   .          Harm     .   (no cloak)
rCorr   .          Rampage  .   (no gloves)
Will    .....                   (no boots)
Stlth   +.........              (no amulet)
HPRegen 0.09/turn               (no ring)
MPRegen 0.08/turn               (no ring)

@: no status effects
A: horns 2, retaliatory headbutt
a: Renounce Religion, Depart the Abyss, Bend Space


You were on level 2 of the Dungeon.
You worshipped Lugonu.
Lugonu was pleased with you.
You visited 1 branch of the dungeon, and saw 2 of its levels.
You visited the Abyss 1 time.

You collected 95 gold pieces.

Inventory:

Hand Weapons
 a - a +1 spear (weapon)
Armour
 b - a +0 leather armour (worn)
Scrolls
 c - a scroll of identify
 e - a scroll of amnesia
 g - a scroll of enchant weapon
 h - a scroll of silence {unknown}
 i - a scroll of blinking {unknown}
Potions
 d - a potion of attraction {unknown}
 f - 2 potions of curing
 j - a potion of haste


   Skills:
 + Level 4.5 Fighting
 + Level 2.9 Polearms
 + Level 2.7 Armour
 + Level 1.1 Dodging
 + Level 0.1 Stealth
 + Level 1.7 Invocations


You had one spell level left.
You didn't know any spells.
Your spell library contained the following spells:

 Spells                   Type           Power      Damage    Failure   Level
 Ignite Poison            Fire/Tmut/Pois 0%         N/A       86%         3
 Fireball                 Conj/Fire      0%         3d3       100%        5
 Freezing Cloud           Conj/Ice/Air   0%         6-21      100%        5
 Simulacrum               Ice/Necr       0%         N/A       100%        6


Dungeon Overview and Level Annotations

Branches:
Dungeon (2/15)

Altars:

Annotations:
D:2 Terence


Innate Abilities, Weirdness & Mutations

You have a pair of horns on your head.
You reflexively headbutt those who attack you in melee.


Message History

Terence hits you from afar with a +0 trident of protection.
Terence hits you with a +0 trident of protection.
You hit Terence.
Terence is lightly wounded.
Terence barely misses you.
You hit Terence. You headbutt Terence, but do no damage.
Terence is moderately wounded.
Terence hits you with a +0 trident of protection.
You hit Terence.
Terence is moderately wounded.
Terence misses you.
You hit Terence.
Terence is heavily wounded.
Terence drinks a potion.
Terence is healed!
You hit Terence.
Terence is moderately wounded.
Terence hits you with a +0 trident of protection!
You hit Terence but do no damage.
Terence is moderately wounded.
Terence closely misses you.
You hit Terence.
Terence is heavily wounded.
Terence misses you.
You hit Terence.
Terence is severely wounded.
Terence barely misses you.
You hit Terence but do no damage.
Terence is severely wounded.
Terence hits you with a +0 trident of protection!
* * * LOW HITPOINT WARNING * * *
You hit Terence. You headbutt Terence.
Terence is severely wounded.
Terence hits you but does no damage.
You hit Terence but do no damage. You headbutt Terence, but do no damage.
Terence is severely wounded.
Terence barely misses you.
You hit Terence.
Terence is almost dead.
Terence hits you with a +0 trident of protection.
You die...

..... ....... .......
.......### ........>#
.......#.#
.........#######
........@@.....# ###
.......?.#####.# #.#
|........# #.# ###.#
.........# #.# #.>.#
.........# #.# #.#.#
.?.......# #.# #.#.####
.........#####.####.......
.......................###
########.##########.##.#


You could see Terence.

Vanquished Creatures
  A dart slug (D:1)
  5 endoplasms
  2 giant cockroaches (D:1)
  3 goblins (D:1)
  3 hobgoblins
  A quokka (D:1)
  A ball python (D:1)
  2 bats (D:1)
  A frilled lizard (D:1)
  5 rats (D:1)
24 creatures vanquished.

Notes
Turn   | Place    | Note
-------+----------+-------------------------------------------
     0 | Abyss:1  | Earthwalker the Minotaur Abyssal Knight began the quest for
                  | the Orb.
     0 | Abyss:1  | Reached XP level 1. HP: 19/19 MP: 1/1
     1 | D:1      | Escaped the Abyss
    58 | D:1      | Got Kessupa's Catalogue of the Hiemal Pyre
   101 | D:1      | Reached skill level 4 in Fighting
   166 | D:1      | Reached XP level 2. HP: 22/27 MP: 2/2
  1119 | D:2      | Noticed Terence
  1140 | D:2      | Slain by Terence

Illustrated notes

Levels and vault maps discovered:
D:1:      sevenhm_arrival_forest_fort_small_3, layout_rooms, serial_forest,
          infiniplex_forest_clump_diagonal, infiniplex_forest_straight_2,
          infiniplex_forest_corner_2, infiniplex_forest_corner_1,
          infiniplex_forest_side_room, infiniplex_forest_clump_small,
          infiniplex_forest_lined_3, infiniplex_forest_clump_diagonal,
          minmay_misc_feat_doors, chequers_arboretum
D:2:      layout_basic, shapermc_ecumenical_altar_venn, serial_shops, shop,
          minivault_5, serial_bayou_pond_e, uniq_terence

Skill      XL: |  1 |
---------------+----+-----
Fighting       | 4 |  4.5
Polearms       | |  2.9
Armour         | |  2.7
Dodging        | |  1.1
Stealth        | |  0.1
Invocations    | |  1.7

Action                   || total
-------------------------++-------
Melee: Spear             ||    56
       Headbutt          ||     9
  Use: Scroll            ||     5
Armor: Leather armour    ||     7
Dodge: Dodged            ||    24
